 Dungeon Crawl Stone Soup version 0.29.1-13-g9f3cf754e1 (webtiles) character file.

Game seed: 14541846939358346084

84 shadowmeld the Insei (level 4, -2/32 HPs)
             Began as a Djinni Transmuter on Jan 30, 2023.
             Slain by an orc wizard
             ... wielding a +2 dagger of protection
              (4 damage)
             ... on level 3 of the Dungeon.
             The game lasted 00:12:49 (3421 turns).

shadowmeld the Insei (Djinni Transmuter)            Turns: 3421, Time: 00:12:55

Health: -2/32      AC:  2    Str:  9    XL:     4   Next: 74%
Gold:   112        EV: 13    Int: 16    God:
                   SH:  0    Dex: 14

rFire   + . .      SeeInvis .     - Unarmed
rCold   . . .      Faith    .   (no shield)
rNeg    . . .      Spirit   .   a - +0 robe
rPois   ∞          Reflect  .   (helmet currently unavailable)
rElec   .          Harm     .   (no cloak)
rCorr   .          Rampage  .   (no gloves)
Will    .....                   (boots unavailable)
Stlth   +.........              (no amulet)
HPRegen 0.10/turn               e - ring of ice
MPRegen 0.00/turn               (no ring)

@: appendages (expiring), flying
A: horns 2, flying, sickness immunity, fire resistance 2, cold vulnerability 1,
float, innate caster, HP casting, extra vitality 1
a: End Transformation


You were on level 3 of the Dungeon.
You had temporarily grown beastly horns.
You visited 1 branch of the dungeon, and saw 3 of its levels.

You collected 112 gold pieces.

Inventory:

Armour
 a - a +0 robe (worn)
 k - a +0 helmet (melded)
Jewellery
 e - a ring of ice (left hand)
Scrolls
 b - a scroll of noise {unknown}
 c - 2 scrolls of poison {unknown}
 d - a scroll of silence {unknown}
 g - a scroll of teleportation {unknown}
 h - a scroll of magic mapping {unknown}
 i - a scroll of brand weapon {unknown}
 l - 2 scrolls of fog {unknown}
Potions
 f - a potion of ambrosia {unknown}
 m - a potion of berserk rage {unknown}


   Skills:
 * Level 1.4 Fighting
 * Level 3.0 Dodging
 * Level 4.0 Unarmed Combat
 * Level 2.2 Spellcasting


You couldn't memorise any spells.
You knew the following spells:

 Your Spells              Type           Power      Damage    Failure   Level
a - Beastly Appendage     Tmut           18%        N/A       8%          1
b - Wereblood             Tmut           9%         N/A       12%         2
c - Spider Form           Tmut/Pois      9%         N/A       24%         3
d - Ice Form              Ice/Tmut       13%        N/A       61%         4
e - Apportation           Tloc           18%        N/A       8%          1
Your spell library was empty.

Dungeon Overview and Level Annotations

Branches:
Dungeon (3/15)

Altars:


Innate Abilities, Weirdness & Mutations

You have temporarily grown beastly horns.
You are flying.
You are immune to sickness and miasma.
You are immune to poison.
Your flesh is very heat resistant. (rF++)
You are vulnerable to cold. (rC-)
You float through the air rather than walking.
You learn spells naturally, not from books.
Your magical power is your life essence.
You have superior vitality. (+4 MHP)


Message History

The puff of flame hits you. You resist.
You hit the orc wizard. You punch the orc wizard.
The orc wizard is severely wounded.
The orc wizard barely misses you.
The orc wizard gestures at you while chanting.
The puff of flame hits you. You resist.
You hit the orc wizard but do no damage.
The orc wizard is severely wounded.
The orc wizard casts a spell at you. You resist with some effort.
You hit the orc wizard.
The orc wizard is almost dead.
Your transformation is almost over.
The orc wizard gestures wildly while chanting.
The orc wizard flickers and vanishes!
The orc wizard barely misses you.
You barely miss the orc wizard. Your headbutt misses the orc wizard.
The orc wizard is almost dead.
Something hits you. x2
The orc wizard gestures at you while chanting.
The puff of flame hits you. You resist.
You barely miss the orc wizard. Your headbutt misses the orc wizard.
The orc wizard is almost dead.
Something hits you but does no damage.
The orc wizard hits you with a +0 dagger.
Something hits you.
* * * LOW HITPOINT WARNING * * *
You barely miss the orc wizard.
The orc wizard is almost dead.
Something hits you.
* * * LOW HITPOINT WARNING * * *
Something hits you.
* * * LOW HITPOINT WARNING * * *
The orc wizard closely misses you.
It was a potion of curing.
You feel better. Something hits you.
* * * LOW HITPOINT WARNING * * *
The orc wizard points at you and mumbles some strange words.
The puff of flame hits you. You resist.
* * * LOW HITPOINT WARNING * * *
Something hits you.
You die...

.....##.##......#### #.#.#...
...........####.##..# #.#....#
.........########...###.#...$$
.........# #..##...>......##.
.........# +...###...#.......
..####...# #....##...........
#....## #.....#...........
#....#..#{⌠.⌠.#...........
####....#_.{@.⌠....#...†.....
#.......#..#o⌠.⌠.#...#.......
###.......##
#.....#..##.......
.........###
#....##)###.......
####.....†.# +...##..#
#..[.... #....#..# #..##...#
#######.
#....##.#######....#.. #
###..#.................
#......)..............


You could see an orc wizard.

Vanquished Creatures
  3 adders
  A worm (D:2)
  A dart slug (D:3)
  2 ball pythons
  7 endoplasms
  3 giant cockroaches
  8 goblins
  5 hobgoblins
  3 quokkas
  2 bats
  6 frilled lizards
  6 kobolds
  2 rats
49 creatures vanquished.

Notes
Turn   | Place    | Note
-------+----------+-------------------------------------------
     0 | D:1      | shadowmeld the Djinni Transmuter began the quest for the
                  | Orb.
     0 | D:1      | shadowmeld set off with the following spells memorised:
                  | Beastly Appendage, Wereblood, Spider Form, Ice Form.
     0 | D:1      | Reached XP level 1. HP: 17/17 MP: 0/0
   195 | D:1      | Reached XP level 2. HP: 20/22 MP: 0/0
   907 | D:1      | Reached XP level 3. HP: 15/27 MP: 0/0
   907 | D:1      | Learned a level 1 spell: Apportation
  1478 | D:2      | HP: 1/27 [goblin/+0 dagger (2)]
  1946 | D:2      | Reached XP level 4. HP: 23/32 MP: 0/0
  2809 | D:2      | Found a faded altar of an unknown god.
  3090 | D:3      | Reached skill level 4 in Unarmed Combat
  3421 | D:3      | Slain by an orc wizard

Illustrated notes

Levels and vault maps discovered:
D:1:      minmay_arrival_three_doors, layout_loops_cross
D:2:      layout_basic, shapermc_ecumenical_altar_hornbeckon,
          kennysheep_crisscross
D:3:      layout_rooms, palyth_temple_overflow_mages, jmf_multi_god_temple2

Skill      XL: |  1  2  3  4 |
---------------+-------------+-----
Spellcasting   | 2 |  2.2
Dodging        | 3 |  3.0
Unarmed Combat | 4 |  4.0
Fighting       | |  1.4

Action                   |  1- 3 |  4- 6 || total
-------------------------+-------+-------++-------
Melee: Unarmed           |   133 |    88 ||   221
       Headbutt          |    18 |    13 ||    31
       Punch             |     6 |     4 ||    10
 Cast: Beastly Appendage |    16 |    11 ||    27
  Use: Potion            |     1 |     2 ||     3
Armor: Robe              |    17 |    15 ||    32
       Skin              |     5 |       ||     5
Dodge: Dodged            |    78 |    54 ||   132
